 Dungeon Crawl Stone Soup version 0.22-a0-480-g991dd4b (webtiles) character file.

125 Darkshadow the Chopper (level 4, 0/41 HPs)
             Began as a Minotaur Berserker on June 15, 2018.
             Was a Believer of Trog.
             Slain by an adder (3 damage)
             ... on level 3 of the Dungeon.
             The game lasted 00:10:08 (2063 turns).

Darkshadow the Chopper (Minotaur Berserker)         Turns: 2063, Time: 00:10:09

Health: 0/41       AC:  2    Str: 22    XL:     4   Next: 82%
Magic:  3/3        EV: 12    Int:  4    God:    Trog [**....]
Gold:   63         SH:  0    Dex: 10    Spells: 3/3 levels left

rFire    . . .     SeeInvis .   a - +0 hand axe
rCold    . . .     Gourm    .   (no shield)
rNeg     . . .     Faith    .   t - +0 animal skin
rPois    .         Spirit   .   (helmet restricted)
rElec    .         Reflect  .   (no cloak)
rCorr    .         Harm     .   (no gloves)
MR       .....                  (no boots)
Stlth    +.........             (no amulet)
HPRegen  0.13/turn              (no ring)
MPRegen  0.08/turn              (no ring)

@: lethally poisoned (0 -> 0), starving
A: retaliatory headbutt, horns 2
a: Berserk, Trog's Hand, Renounce Religion


You were on level 3 of the Dungeon.
You worshipped Trog.
Trog was pleased with you.
You were starving.

You visited 1 branch of the dungeon, and saw 3 of its levels.

You collected 63 gold pieces.

Inventory:

Hand Weapons
 a - a +0 hand axe (weapon)
 b - a +0 hunting sling
Missiles
 e - 5 javelins (quivered)
 g - 88 stones
 s - 18 bolts
Armour
 t - a +0 animal skin (worn)
 x - a +0 chain mail
Jewellery
 h - an uncursed ring of flight {unknown}
Scrolls
 i - 2 scrolls of identify {unknown}
 j - 2 scrolls of teleportation {unknown}
 k - a scroll of noise {unknown}
 m - a scroll of enchant armour {unknown}
 q - a scroll of amnesia {unknown}
 v - 4 scrolls of remove curse {unknown}
 w - a scroll of random uselessness {unknown}
Potions
 d - a potion of degeneration {unknown}
 f - a potion of berserk rage {unknown}
 l - a potion of magic {unknown}
 n - a potion of heal wounds {unknown}
 o - a potion of lignification {unknown}
 p - 2 potions of curing {unknown}
 r - a potion of haste {unknown}
 u - a potion of brilliance {unknown}
Comestibles
 c - 2 rations


   Skills:
 + Level 4.6 Fighting
 * Level 5.4 Axes
 + Level 3.6 Armour
 - Level 2.1 Dodging


You had 3 spell levels left.
You didn't know any spells.
Your spell library was empty.

Dungeon Overview and Level Annotations

Branches:
Dungeon (3/15)

Altars:
Cheibriados


Innate Abilities, Weirdness & Mutations

You reflexively headbutt those who attack you in melee.
You have a pair of horns on your head.


Message History

The adder is moderately wounded.
The adder bites you.
* * * LOW HITPOINT WARNING * * *
You miss the adder.
The adder is moderately wounded.
The adder bites you.
* * * LOW HITPOINT WARNING * * *
The adder bites you.
* * * LOW HITPOINT WARNING * * *
You hit the adder but do no damage.
The adder is moderately wounded.
You feel sick. The adder completely misses you.
You hit the adder. Your headbutt misses the adder.
The adder is heavily wounded.
The adder bites you.
* * * LOW HITPOINT WARNING * * *
You hit the adder but do no damage. Your headbutt misses the adder.
The adder is heavily wounded.
The adder bites you.
You die...

##.......##
##.#.# #...
##.....##
###.# #...
##...## #.#
#... ##'##
#.# ###. ##
#.# #!# #. ..
#.# ..# #.
#.#.#########
#.
#...........#
#.
#.....#####@#
## #......<#
#S# ###.###.#
#.# #.#
...... #.#
###.# #.. ..#
### ###


You could see an adder.

Vanquished Creatures
  4 gnolls (D:3)
  An adder (D:2)
  An ooze (D:1)
  3 worms (D:2)
  2 dart slugs
  A leopard gecko (D:1)
  2 orcs (D:3)
  6 bats
  4 giant cockroaches
  6 hobgoblins
  5 kobolds
  4 frilled lizards
  11 goblins
  7 rats
57 creatures vanquished.

Notes
Turn   | Place    | Note
-------+----------+-------------------------------------------
     0 | D:1      | Darkshadow the Minotaur Berserker began the quest for the Orb.
     0 | D:1      | Reached XP level 1. HP: 19/19 MP: 0/0
    38 | D:1      | Reached skill level 4 in Axes
    43 | D:1      | Reached XP level 2. HP: 26/27 MP: 1/1
   465 | D:1      | Reached XP level 3. HP: 33/33 MP: 2/2
   553 | D:1      | Reached ** piety under Trog
  1048 | D:2      | Found a snail-covered altar of Cheibriados.
  1231 | D:2      | Reached skill level 5 in Axes
  1231 | D:2      | Reached XP level 4. HP: 29/41 MP: 3/3
  2063 | D:3      | Slain by an adder

Vault maps used:
D:1:      dpeg_arrival_radiant
D:2:      cheibriados_altar_1, kennysheep_cluttered_room
D:3:      nicolae_overflow_crystal_walls, portal_sewer_entry_e,
          serial_bayou_pond_e

Skill      XL: |  1  2  3 |
---------------+----------+-----
Axes           | 4 5 |  5.4
Fighting       | 4 |  4.6
Armour         | 3 |  3.6
Dodging        | |  2.1

Action                   |  1- 3 |  4- 6 || total
-------------------------+-------+-------++-------
Melee: Hand axe          |    63 |    37 ||   100
       Headbutt          |    15 |     2 ||    17
Throw: Javelin           |    14 |       ||    14
       Stone             |     5 |       ||     5
Invok: Berserk           |     1 |     1 ||     2
  Eat: Chunk             |     2 |     1 ||     3
Armor: Animal skin       |    14 |     7 ||    21
Dodge: Dodged            |    49 |    16 ||    65

Table legend:
 A = Spawn XP
 B = Non-spawn XP
 C = Spawn XP percentage of total XP
 D = Spawn monster count
 E = Non-spawn monster count
 F = Spawn count percentage of total count
 G = Total turns spent on level
                    A         B        C        D         E        F      G
               +---------+---------+-------+---------+---------+-------+---------
         Total |       0 |     179 |   0.0 |       0 |      57 |   0.0 |  2063
               +---------+---------+-------+---------+---------+-------+---------
           D:1 |       0 |      59 |   0.0 |       0 |      30 |   0.0 |   873
           D:2 |       0 |      55 |   0.0 |       0 |      20 |   0.0 |  1013
           D:3 |       0 |      65 |   0.0 |       0 |       7 |   0.0 |   177
               +---------+---------+-------+---------+---------+-------+---------
